 Dungeon Crawl Stone Soup version 0.21-a0-465-g8120a92d9c (webtiles) character file.

1421 Kaname the Conjurer (level 8, 31/52 HPs)
             Began as a Demonspawn Wizard on Nov 21, 2017.
             Quit the game on level 6 of the Dungeon.
             The game lasted 00:19:35 (8232 turns).

Kaname the Conjurer (Demonspawn Wizard)             Turns: 8232, Time: 00:19:36

Health: 31/52      AC:  5    Str:  9    XL:     8   Next: 44%
Magic:  3/12       EV: 12    Int: 21    God:
Gold:   254        SH:  0    Dex: 16    Spells: 4/13 levels left

rFire    . . .     SeeInvis .   D - +0 quarterstaff of Lumpen {pain, Dex+5} (curse)
rCold    . . .     Gourm    .   (shield currently unavailable)
rNeg     . . .     Faith    .   a - +0 robe
rPois    .         Spirit   +   b - +0 hat
rElec    .         Reflect  .   (no cloak)
rCorr    .         Harm     .   p - +0 pair of gloves
MR       .....                  (no boots)
Stlth    ++........             (no amulet)
HPRegen  0.17/turn              (no ring)
MPRegen  0.13/turn              (no ring)

@: no status effects
A: antennae 1, iridescent scales 1, magic shield
a: no special abilities


You were on level 6 of the Dungeon.
You were very hungry.

You visited 1 branch of the dungeon, and saw 6 of its levels.

You collected 254 gold pieces.

Inventory:

Hand Weapons
 y - a +0 blowgun
 D - the cursed +0 quarterstaff of Lumpen (weapon) {pain, Dex+5}
   (You found it on level 4 of the Dungeon)

   In the hands of one skilled in necromantic magic, it inflicts extra damage on
   living creatures.
   It affects your dexterity (+5).
   It has a curse placed upon it.
Missiles
 z - 13 poisoned needles
Armour
 a - a +0 robe (worn)
 b - a +0 hat (worn)
 p - a +0 pair of gloves (worn)
Wands
 t - a wand of random effects (7)
 A - a wand of iceblast (8)
Scrolls
 e - a scroll of enchant weapon {unknown}
 g - 5 scrolls of teleportation
 h - a scroll of identify
 j - 2 scrolls of magic mapping {unknown}
 m - a scroll of blinking {unknown}
 q - 2 scrolls of fear {unknown}
 r - a scroll of fog {unknown}
 u - 2 scrolls of remove curse {unknown}
 v - 2 scrolls of enchant armour
 C - 4 scrolls of amnesia
Potions
 f - 4 potions of brilliance
 k - a potion of degeneration {unknown}
 n - a potion of haste {unknown}
 o - 2 potions of curing
 w - a potion of heal wounds
 x - 2 potions of cancellation {unknown}
 B - a potion of mutation {unknown}
 E - a potion of flight {unknown}
Books
 c - a book of Minor Magic

   Spells                             Type                      Level
   a - Magic Dart                     Conjuration                  1
   b - Blink                          Translocation                2
   c - Call Imp                       Summoning                    2
   d - Slow                           Hexes                        2
   e - Conjure Flame                  Conjuration/Fire             3
   f - Mephitic Cloud                 Conjuration/Poison/Air       3
Comestibles
 d - 5 bread rations
 i - 6 fruits
 l - a meat ration
 s - 3 royal jellies


   Skills:
 + Level 4.1 Staves
 - Level 1.7 Dodging
 - Level 1.7 Stealth
 - Level 3.0 Spellcasting
 * Level 7.4 Conjurations
   Level 1.0 Summonings
 - Level 0.8 Translocations
 - Level 2.1 Fire Magic
 - Level 2.0 Air Magic
 - Level 4.0 Poison Magic


You had 4 spell levels left.
You knew the following spells:

 Your Spells              Type           Power        Failure   Level  Hunger
a - Magic Dart            Conj           ####         1%          1    None
b - Blink                 Tloc           N/A          14%         2    ##.....
c - Mephitic Cloud        Conj/Pois/Air  ###.....     6%          3    ###....
d - Conjure Flame         Conj/Fire      ###.....     5%          3    ###....


Dungeon Overview and Level Annotations

Branches:
Dungeon (6/15)
 Temple: D:4-7

Altars:


Innate Abilities, Weirdness & Mutations

You have a pair of small antennae on your head.
You are partially covered in iridescent scales. (AC +2)
When hurt, damage is shared between your health and your magic reserves.


Message History

Your Staves skill increases to level 4!
Your Conjurations skill increases to level 7!
You have reached level 8!
You feel stronger.
Your demonic ancestry asserts itself...
You feel your magical essence form a protective shroud around your flesh.
You start resting.
You are feeling very hungry.
Unknown command.
Quiver which item? (- for none, * to show all) (? for menu, Esc to quit)
Okay, then.
Unknown command.
Unknown command.
Okay, then.
Quiver which item? (- for none, * to show all) (? for menu, Esc to quit)
Okay, then.
Unknown command.
Quiver which item? (- for none, * to show all) (? for menu, Esc to quit)
Okay, then.
Unknown command.
Are you sure you want to abandon this character and quit the game? (Confirm with "yes".)

# #. # #.############
#.#............#
##.###........#.###.#.##
≈≈....>.........@...)...
#≈.....#.####.#.#.#.#.$.
+......#.####.#.#.# ##
#≈..##.#<.....#[#.#.$.?
≈≈.. #.................
... #.#........#......
## #.#####....##########
#.. +....'........##
#### #....####......#


There were no monsters in sight!

Vanquished Creatures
  Pikel (D:6)
  4 slaves (D:6)
  A phantom (D:4)
  2 ogres (D:4)
  A centaur (D:5)
  A bullfrog (D:6)
  2 scorpions
  A crimson imp (D:4)
  A hound (D:4)
  2 orc wizards
  Jessica (D:1)
  Terence (D:2)
  4 worker ants
  A hound skeleton (D:6)
  Robin (D:1)
  6 adders
  3 gnolls (D:4)
  2 worms
  2 leopard geckos
  12 orcs
  9 bats
  5 giant cockroaches
  16 goblins
  8 hobgoblins
  8 jackals
  3 kobolds
  3 quokkas
  3 ball pythons
  A ball python skeleton (D:4)
  6 frilled lizards
  6 rats
117 creatures vanquished.

Notes
Turn   | Place    | Note
-------+----------+-------------------------------------------
     0 | D:1      | Kaname the Demonspawn Wizard began the quest for the Orb.
     0 | D:1      | Reached XP level 1. HP: 13/13 MP: 4/4
   263 | D:1      | Reached skill level 2 in Conjurations
   518 | D:1      | Gained mutation: You have a pair of small antennae on your head. [demonic ancestry]
   518 | D:1      | Reached XP level 2. HP: 18/19 MP: 1/6
   569 | D:1      | Learned a level 2 spell: Blink
   992 | D:1      | Reached skill level 3 in Conjurations
   996 | D:1      | Reached XP level 3. HP: 19/24 MP: 1/7
  1329 | D:2      | Noticed Jessica
  1384 | D:2      | Noticed Robin
  1600 | D:1      | Killed Robin
  1600 | D:1      | Reached XP level 4. HP: 23/30 MP: 1/8
  1624 | D:1      | Killed Jessica
  1624 | D:1      | Reached skill level 4 in Conjurations
  2060 | D:2      | Noticed Terence
  2069 | D:2      | Learned a level 3 spell: Mephitic Cloud
  2073 | D:2      | Learned a level 3 spell: Conjure Flame
  2091 | D:2      | Killed Terence
  2091 | D:2      | Reached skill level 5 in Conjurations
  2091 | D:2      | Gained mutation: You are partially covered in iridescent scales. (AC +2) [demonic ancestry]
  2091 | D:2      | Reached XP level 5. HP: 22/35 MP: 0/9
  2510 | D:3      | Reached skill level 1 in Poison Magic
  3853 | D:4      | Got a twisted quarterstaff
  3861 | D:4      | Identified the cursed +0 quarterstaff of Lumpen {pain, Dex+5} (You found it on level 4 of the Dungeon)
  3881 | D:4      | Noticed an ogre
  3891 | D:4      | Killed an ogre
  3891 | D:4      | Reached XP level 6. HP: 19/41 MP: 6/10
  4674 | D:4      | HP: 2/41 [poisoned by a worker ant]
  5053 | D:4      | Reached skill level 1 in Staves
  5053 | D:4      | Reached skill level 1 in Air Magic
  5204 | D:4      | Reached XP level 7. HP: 30/46 MP: 0/11
  5391 | D:4      | Reached skill level 1 in Fire Magic
  6861 | D:5      | Entered Level 5 of the Dungeon
  8105 | D:6      | Reached skill level 6 in Conjurations
  8126 | D:6      | Noticed Pikel
  8209 | D:6      | Killed Pikel
  8209 | D:6      | Reached skill level 7 in Conjurations
  8209 | D:6      | Gained mutation: When hurt, damage is shared between your health and your magic reserves. [demonic ancestry]
  8209 | D:6      | Reached XP level 8. HP: 27/52 MP: 0/12
  8232 | D:6      | Quit the game

Vault maps used:
D:1:      dpeg_arrival_short_road, serial_park_tiny_1, minmay_hedge_maze,
          minivault_5
D:2:      uniq_robin, uniq_jessica, uniq_terence
D:4:      first_bread, minmay_divided_ellipse
D:5:      st_stairs_8
D:6:      serial_shops, kennysheep_mini_moat, uniq_pikel, uniq_duvessa

Skill      XL: |  1  2  3  4  5  6  7 |
---------------+----------------------+-----
Conjurations   | 2 3 5 7 |  7.4
Poison Magic   | 3 4 |  4.0
Staves         | 1 4 |  4.1
Air Magic      | 2 |  2.0
Fire Magic     | 2 |  2.1
Dodging        | |  1.7
Stealth        | |  1.7
Spellcasting   | |  3.0
Summonings     | |  1.0
Translocations | |  0.8

Action                   |  1- 3 |  4- 6 |  7- 9 || total
-------------------------+-------+-------+-------++-------
Melee: Unarmed           |    15 |       |       ||    15
       Dagger            |    26 |    27 |       ||    53
       Short sword       |    37 |    37 |       ||    74
       Whip              |       |    38 |       ||    38
       Falchion          |       |    18 |       ||    18
       Quarterstaff      |       |    42 |   108 ||   150
 Fire: Blowgun           |       |     4 |       ||     4
 Cast: Magic Dart        |    70 |   105 |    61 ||   236
       Mephitic Cloud    |       |     1 |     3 ||     4
       Conjure Flame     |       |     1 |       ||     1
Evoke: Wand              |       |     5 |     8 ||    13
  Use: Potion            |     3 |     1 |       ||     4
       Scroll            |       |     3 |     3 ||     6
 Stab: Sleeping          |     1 |     2 |     1 ||     4
       Confused          |       |       |     4 ||     4
  Eat: Chunk             |     1 |     9 |     9 ||    19
       Fruit             |       |     4 |       ||     4
Armor: Robe              |    39 |    52 |    45 ||   136
Dodge: Dodged            |    92 |   106 |    94 ||   292
Block: Buckler           |       |     2 |       ||     2
       Rpst.: Falchion   |       |     3 |       ||     3

Table legend:
 A = Spawn XP
 B = Non-spawn XP
 C = Spawn XP percentage of total XP
 D = Spawn monster count
 E = Non-spawn monster count
 F = Spawn count percentage of total count
 G = Total turns spent on level
                    A         B        C        D         E        F      G
               +---------+---------+-------+---------+---------+-------+---------
         Total |       0 |    2031 |   0.0 |       0 |     113 |   0.0 |  8232
               +---------+---------+-------+---------+---------+-------+---------
           D:1 |       0 |      95 |   0.0 |       0 |      28 |   0.0 |  1670
           D:2 |       0 |     122 |   0.0 |       0 |      24 |   0.0 |   745
           D:3 |       0 |     120 |   0.0 |       0 |      19 |   0.0 |  1468
           D:4 |       0 |     654 |   0.0 |       0 |      23 |   0.0 |  2978
           D:5 |       0 |     235 |   0.0 |       0 |      11 |   0.0 |   991
           D:6 |       0 |     805 |   0.0 |       0 |       8 |   0.0 |   380
               +---------+---------+-------+---------+---------+-------+---------
